[Event "Early-Titled-Tuesday-Blitz-February-13-2024"]
[Site "Chess.com"]
[Date "2024.02.13"]
[Round "7"]
[White "Gabrielian_Artur"]
[Black "Sina_Movahed"]
[Result "0-1"]
[WhiteElo "2800"]
[BlackElo "2997"]
[TimeControl "180+1"]
[EndTime "9:20:55 PST"]
[Termination "Sina_Movahed won on time"]

1. e4 c5 2. Nf3 d6 3. d4 cxd4 4. Nxd4 Nf6 5. Nc3 g6 6. Be3 a6 7. f3 h5 8. Qd2 Nbd7 9. Be2 Bg7 10. O-O O-O 11. a4 Ne5 12. Kh1 h4 13. Nd5 h3 14. g4 Bd7 15. c4 Bc6 16. Nxf6+ Bxf6 17. Kg1 Qc7 18. Rfc1 Rac8 19. a5 e6 20. b3 Rfd8 21.
Bg5 Qe7 22. Bxf6 Qxf6 23. g5 Qg7 24. f4 Bxe4 25. Qe3 Nc6 26. Nxc6 Bxc6 27. Rd1 d5 28. Qe5 Qf8 29. Rd3 dxc4 30. Rxh3 Qg7 31. Bxc4 Qxe5 32. fxe5 Rd2 33. Rg3 Kg7 34. Rf1 Rh8 35. Rf2 Rxf2 36. Kxf2 Rxh2+ 37. Ke3 Ra2 38. b4 Ra4 39. Kd4 Rxb4 40.
Kc5 Ra4 41. Rc3 Rxa5+ 42. Kd6 Ra1 43. Rc2 Rg1 44. Rf2 Rxg5 45. Ke7 Rf5 46. Re2 Bb5 47. Bxb5 axb5 48. Kd6 g5 49. Rb2 g4 50. Rxb5 g3 0-1

[Event "Early-Titled-Tuesday-Blitz-February-13-2024"]
[Site "Chess.com"]
[Date "2024.02.13"]
[Round "7"]
[White "Kobalia"]
[Black "ChristopherYoo"]
[Result "1-0"]
[WhiteElo "2817"]
[BlackElo "2961"]
[TimeControl "180+1"]
[EndTime "9:20:55 PST"]
[Termination "Kobalia won by resignation"]

1. e4 c5 2. Nf3 d6 3. Bb5+ Bd7 4.
Bxd7+ Nxd7 5. O-O Ngf6 6. Qe2 e6 7. c3 Be7 8. d4 O-O 9. Rd1 cxd4 10. cxd4 d5 11. e5 Ne4 12. Ne1 h6 13. f3 Ng5 14.
Be3 Nb6 15. Nd2 Rc8 16. Rac1 Qd7 17. Nd3 Rxc1 18. Rxc1 Rc8 19. Qd1 Nc4 20. Nxc4 dxc4 21. Nf4 b5 22. Qd2 Rd8 23. a3 Qb7 24. Rd1 Nh7 25. Qc2 Bg5 26. Qe4 Qc8 27. d5 Bxf4 28.
Bxf4 exd5 29. Rxd5 Rxd5 30. Qxd5 a6 31. Bd2 Nf8 32. h3 Ne6 33. Kh2 Qd8 34. Qxd8+ Nxd8 35.
Kg3 Ne6 36. Kf2 g5 37. Be3 Kg7 38. Ke2 Kg6 39. g4 a5 40. Bd2 Nd4+ 41. Ke3 Nc2+ 42.
Ke4 b4 43. axb4 axb4 44. Kd5 c3 45. bxc3 b3 46. Bc1 Ne3+ 47. Kd4 Nd1 48. c4 b2 49. Bxb2 Nxb2 50. c5 Na4 51. Kd5 h5 52. c6 Nb6+ 53. Kd6 h4 54. c7 Kh7 55. Kc6 Nc8 56. Kd7 Na7 57. c8=Q Nxc8 58. Kxc8 Kg8 59. Kd7 Kh7 60. Ke7 Kg7 61. e6 fxe6 62. Kxe6 Kg6 63. Ke5 1-0

[Event "Early-Titled-Tuesday-Blitz-February-13-2024"]
[Site "Chess.com"]
[Date "2024.02.13"]
[Round "7"]
[White "Practical-Play"]
[Black "Juicy_Fork"]
[Result "0-1"]
[WhiteElo "2579"]
[BlackElo "2471"]
[TimeControl "180+1"]
[EndTime "9:20:55 PST"]
[Termination "Juicy_Fork won by resignation"]

1. e4 e5 2. Nc3 Nf6 3. f4 d5 4.
fxe5 Nxe4 5. Qf3 f5 6. d3 Nxc3 7. bxc3 d4 8. Be2 Nc6 9. Qg3 Qd5 10. Nf3 dxc3 11. O-O Bc5+ 12. Kh1 O-O 13. Bf4 Nd4 14. Nxd4 Qxd4 15. Rae1 Be6 16. Bf3 c6 17. Be3 Qb4 18.
Rb1 Qa3 19. Rxb7 g6 20. d4 Bb6 21. Bxc6 Rac8 22. d5 Qa6 23. Rb1 Qxa2 24. Rc1 Bxd5 25. Qh4 Rc7 26. Rxc7 Bxc7 27. Bd7 Bxe5 28. Bd4 Qa3 29. Re1 Bxd4 30. Qxd4 Bf7 31. Qe5 Qb2 32. Be6 Qb6 33. Bxf7+ Rxf7 34. Qe8+ Rf8 35. Qe5 Qc6 36. Rd1 Re8 37. Qf4 Qe4 38. Qf1 Qe2 39. Qg1 Qxc2 40. Qd4 Qe2 41. h3 c2 42. Qd5+ Qe6 0-1

[Event "Early-Titled-Tuesday-Blitz-February-13-2024"]
[Site "Chess.com"]
[Date "2024.02.13"]
[Round "7"]
[White "Alexander_Donchenko"]
[Black "CaspiIsrael"]
[Result "0-1"]
[WhiteElo "2913"]
[BlackElo "2782"]
[TimeControl "180+1"]
[EndTime "9:20:56 PST"]
[Termination "CaspiIsrael won by resignation"]

1. Nf3 d5 2. b3 Nf6 3. Bb2 e6 4. e3 c5 5. Bb5+ Bd7 6. a4 Bd6 7.
O-O O-O 8. Ne5 Be8 9. d3 Nbd7 10.
f4 a6 11. Bxd7 Nxd7 12. Nd2 f6 13. Qg4 Nxe5 14. fxe5 f5 15. Qg3 Be7 16. a5 Rc8 17. Rf2 g5 18. Kh1 g4 19. Rff1 Bh4 20. Qf4 Bg5 21.
Qf2 Bg6 22. Ra4 h5 23. Re1 Rc7 24. Nf1 h4 25. Bc1 Rcf7 26. Bd2 Qc7 27. Bc3 Rh7 28. Qe2 h3 29. g3 Qc6 30. Kg1 Rd7 31. Qf2 Rfd8 32.
Bb2 Be8 33. Rea1 Rc7 34. Qe2 Qd7 35. Rf4 Qg7 36. Rf2 Bc6 37. Nd2 Rcd7 38. Ra2 Rb8 39. Ra1 b5 40. axb6 Rxb6 41. Ra5 Qh6 42. Rf4 Bxf4 43. exf4 c4 44. dxc4 dxc4 45. Nxc4 Bb5 46. Nxb6 Bxe2 47. Nxd7 Qg7 48. Nf6+ Kh8 49. Rc5 Qb7 50. Kf2 Bb5 51. Ke3 Qf3+ 52. Kd2 Qf2+ 53. Kc3 Qxc5+ 0-1

[Event "Early-Titled-Tuesday-Blitz-February-13-2024"]
[Site "Chess.com"]
[Date "2024.02.13"]
[Round "7"]
[White "Yurovskykh_Oleksandr"]
[Black "TigrVShlyape"]
[Result "1/2-1/2"]
[WhiteElo "2665"]
[BlackElo "2859"]
[TimeControl "180+1"]
[EndTime "9:20:56 PST"]
[Termination "Game drawn by repetition"]

1. d4 f5 2. Nc3 Nf6 3. Bg5 d5 4. e3 Be6 5. Nf3 Nbd7 6. Ne2 g6 7. Nf4 Bf7 8. Nd3 Ne4 9. Bf4 Bg7 10. Nde5 O-O 11.
Bd3 c5 12. O-O c4 13. Bxe4 fxe4 14. Nxd7 Qxd7 15. Ne5 Qb5 16. b3 c3 17. f3 exf3 18.
Rxf3 Be6 19. Qf1 Qxf1+ 20. Raxf1 Bf5 21. R3f2 Rad8 22. Nd3 Bxd3 23. cxd3 b5 24. b4 Rc8 25. Rc2 Rc6 26. Bg5 Rxf1+ 27. Kxf1 Bf8 28. Ke2 e6 29. a3 a5 30. Kd1 axb4 31. axb4 Bxb4 32. Ra2 c2+ 33.
Rxc2 Rxc2 34. Kxc2 Bd6 35. h3 Kf7 36. Kb3 Ke8 37.
Bf4 Bxf4 38. exf4 Kd7 39. Kb4 Kc6 40. Ka5 h6 41. g3 h5 42. g4 hxg4 43. hxg4 b4 44. Kxb4 Kb6 45. g5 Kc6 46. Ka5 Kc7 47. Kb5 Kb7 48. Kc5 Kc7 49. Kb5 Kb7 50. Kc5 Kc7 51.
Kb5 1/2-1/2

[Event "Early-Titled-Tuesday-Blitz-February-13-2024"]
[Site "Chess.com"]
[Date "2024.02.13"]
[Round "7"]
[White "KorolDimitriy75"]
[Black "Cosi43"]
[Result "1/2-1/2"]
[WhiteElo "2407"]
[BlackElo "2613"]
[TimeControl "180+1"]
[EndTime "9:20:57 PST"]
[Termination "Game drawn by repetition"]

1. d4 d5 2. c4 Nc6 3. Nc3 Nf6 4. cxd5 Nxd5 5. e4 Nxc3 6. bxc3 e5 7. d5 Nb8 8. Nf3 Bd6 9. Be2 O-O 10. O-O Nd7 11. Be3 Qe7 12. Nd2 Nc5 13. Bg4 Qh4 14. Bxc8 Raxc8 15. f3 f5 16. Qc2 fxe4 17. Nxe4 Nxe4 18. Qxe4 Qxe4 19. fxe4 a6 20. Rab1 b5 21. a4 bxa4 22. c4 Rxf1+ 23. Kxf1 Kf8 24. c5 Be7 25. Ke2 Ke8 26.
Rb4 Kd7 27. Rxa4 Ra8 28. Kd3 c6 29. Kc4 Bd8 30. Bd2 a5 31. Bc3 Bc7 32. d6 Bd8 33.
Bxe5 Rb8 34. Bc3 Rb1 35. Bxa5 Rc1+ 36. Kd4 Bf6+ 37. Ke3 Rxc5 38. Bc7 Be5 39. Ra7 Rb5 40. Bb8+ Kd8 41. Bc7+ Kd7 42. Bb8+ Kd8 43. Bc7+ Kd7 1/2-1/2

[Event "Early-Titled-Tuesday-Blitz-February-13-2024"]
[Site "Chess.com"]
[Date "2024.02.13"]
[Round "7"]
[White "SHIVACalypso"]
[Black "Preobrazhenska_D2011"]
[Result "0-1"]
[WhiteElo "2504"]
[BlackElo "2369"]
[TimeControl "180+1"]
[EndTime "9:20:57 PST"]
[Termination "Preobrazhenska_D2011 won by resignation"]

1. d4 Nf6 2. Nf3 b6 3. g3 e6 4.
Bg2 d5 5. Ne5 Be7 6. O-O O-O 7.
c4 c6 8. Nc3 Ba6 9. b3 Nfd7 10.
Bf4 Nxe5 11. Bxe5 Nd7 12. Bf4 Rc8 13. Qd3 c5 14. Nb5 Bxb5 15. cxb5 cxd4 16. Rac1 e5 17. Bd2 Nc5 18. Qb1 e4 19. Bf4 Qd7 20. Rfd1 d3 21.
exd3 Nxd3 22. Rxc8 Rxc8 23. Rxd3 exd3 24. Qxd3 d4 25.
Be4 h6 26. h4 Rc5 27. a4 Rc3 28.
Qd2 Rxb3 29. Bc6 Qd8 30. Be5 Bf6 31. Bf4 Rb1+ 32. Kg2 d3 33. Be4 Rb3 34. g4 Qd4 35. f3 Rb2 36. g5 Rxd2+ 37. Bxd2 hxg5 38. hxg5 Qb2 0-1

[Event "Early-Titled-Tuesday-Blitz-February-13-2024"]
[Site "Chess.com"]
[Date "2024.02.13"]
[Round "7"]
[White "BlueWizzard"]
[Black "artooon"]
[Result "0-1"]
[WhiteElo "2872"]
[BlackElo "3035"]
[TimeControl "180+1"]
[EndTime "9:20:59 PST"]
[Termination "artooon won on time"]

1. e4 e5 2. Nf3 Nc6 3. Bb5 a6 4. Bc4 Nf6 5. Qe2 Bc5 6. c3 O-O 7. d3 d5 8. Bb3 h6 9. h3 Be6 10. g4 Na5 11. g5 dxe4 12. dxe4 Bxb3 13. axb3 Nxb3 14. gxf6 Nxc1 15. Qc4 Qxf6 16. Nbd2 b5 17. Qf1 Qf4 18. Rxc1 f5 19. Qe2 Rad8 20. Rc2 Bb6 21. exf5 e4 22. Nd4 Bxd4 23. cxd4 Qxf5 24. Qe3 Rf7 25.
Rg1 Qd5 26. Rg4 Rdf8 27. Nxe4 Rf3 28. Qe2 c6 29. Rc3 R3f7 30. Rd3 Qa2 31. Kf1 a5 32. Kg2 Qd5 33. Kg1 a4 34. Rdg3 Kh8 35. Qe3 Qe6 36. Qd3 b4 37. Rg6 Qf5 38. Nc5 Qxf2+ 39. Kh1 Rf3 40. Rg2 Qe1+ 41. Rg1 Qh4 0-1

[Event "Early-Titled-Tuesday-Blitz-February-13-2024"]
[Site "Chess.com"]
[Date "2024.02.13"]
[Round "7"]
[White "Som2310"]
[Black "Hanging_pointer"]
[Result "1/2-1/2"]
[WhiteElo "2803"]
[BlackElo "2632"]
[TimeControl "180+1"]
[EndTime "9:21:01 PST"]
[Termination "Game drawn - insufficient material"]

1. e4 c6 2. d4 d5 3. exd5 cxd5 4. c4 Nf6 5. Nc3 Nc6 6. Bg5 e6 7. c5 Be7 8. Bb5 O-O 9. Nge2 Bd7 10. O-O b6 11.
Bxc6 Bxc6 12. b4 bxc5 13. dxc5 Rb8 14. Rb1 e5 15. b5 d4 16. bxc6 dxc3 17. Rxb8 Qxb8 18.
Nxc3 Qc7 19. Qa4 Rc8 20. Rb1 Qxc6 21. Qxc6 Rxc6 22. Rb8+ Bf8 23. Ne4 Nxe4 24. Be7 h6 25. Bxf8 Kh7 26. Rb5 Kg6 27. f3 Ng5 28. Bd6 f6 29. Rb7 Ra6 30. h4 Ne6 31. Re7 Nf4 32. g3 Ne2+ 33. Kf2 Nd4 34. Rd7 Rxa2+ 35. Ke3 Kf5 36.
Rxg7 Ra3+ 37. Kd2 Nxf3+ 38. Kc1 Nd4 39. h5 Ke4 40. Rf7 Kd3 41. Rxf6 Rb3 42. Rf2 Ne2+ 43. Rxe2 Kxe2 44. Bxe5 Rb5 45. Bd6 Rb4 46. Kc2 Rc4+ 47.
Kb3 Kd3 48. Bf8 Kd4 49. Bxh6 Rxc5 50. g4 Rc3+ 51. Kb4 Rg3 52. Bg7+ Kd5 53. h6 Rxg4+ 54. Kb5 Rh4 55. Ka6 Kc6 56. Kxa7 Rh5 57. Kb8 Kd7 58.
Kb7 Ke6 59. Kc6 Kf7 60. Kd6 Kg8 61. Ke6 Kh7 62. Kf6 Rxh6+ 63. Bxh6 1/2-1/2

[Event "Early-Titled-Tuesday-Blitz-February-13-2024"]
[Site "Chess.com"]
[Date "2024.02.13"]
[Round "7"]
[White "KacperKacprzak"]
[Black "bulletteemo"]
[Result "0-1"]
[WhiteElo "2729"]
[BlackElo "2586"]
[TimeControl "180+1"]
[EndTime "9:21:02 PST"]
[Termination "bulletteemo won by resignation"]

1. e4 c5 2. Nf3 d6 3. d4 cxd4 4.
Nxd4 Nf6 5. Nc3 g6 6. Be3 Bg7 7. f3 a6 8. Qd2 h5 9. O-O-O b5 10. Kb1 Bb7 11. h3 Nbd7 12. Bd3 h4 13. Rhe1 Nc5 14.
Bg5 b4 15. Nce2 Qb6 16. Be3 Nfd7 17. Nb3 Qc7 18. Bd4 Bxd4 19. Nexd4 a5 20. Nxc5 Nxc5 21. Qg5 Rh5 22. Qg4 Rc8 23. f4 Nxd3 24. cxd3 Qb6 25. Rc1 Rhc5 26. Ne2 Ba6 27. Qf3 Qb5 28. Red1 a4 29.
Rxc5 Rxc5 30. Nd4 Qb6 31. Qe3 b3 32. a3 Rc2 33. Rc1 Rxg2 34. e5 d5 35. e6 Rg3 36.
exf7+ Kxf7 37. Qe5 Bxd3+ 38. Ka1 Be4 39. f5 Qf6 40.
fxg6+ Kxg6 41. Qb8 Qxd4 42. Qe8+ Kg5 43. Qxe7+ Qf6 44.
Qc7 Rg2 45. Qc3 Qxc3 0-1

[Event "Early-Titled-Tuesday-Blitz-February-13-2024"]
[Site "Chess.com"]
[Date "2024.02.13"]
[Round "7"]
[White "ChessSwole"]
[Black "Road2GM3000"]
[Result "1-0"]
[WhiteElo "2680"]
[BlackElo "2473"]
[TimeControl "180+1"]
[EndTime "9:21:02 PST"]
[Termination "ChessSwole won by resignation"]

1. d4 d5 2. Bf4 Nf6 3. Nc3 c6 4. e3 Bf5 5. Bd3 Bxd3 6. cxd3 e6 7. Nf3 Bd6 8. Bxd6 Qxd6 9. Qb3 b6 10. O-O Nbd7 11.
Rac1 O-O 12. e4 Qe7 13. Rfe1 Rfe8 14. exd5 cxd5 15. Nb5 Red8 16. Ne5 Nxe5 17. dxe5 Ne8 18. d4 a6 19. Nc3 Qb7 20. Na4 Rab8 21. Re3 Nc7 22. Nc3 Rdc8 23. Rd1 b5 24. h4 Na8 25. Ne2 Nb6 26. Rg3 Rc4 27. Qe3 Qe7 28. Qh6 Qf8 29. Nf4 Kh8 30. Qg5 Rbc8 31. Nh5 g6 32. Nf6 R4c7 33.
b3 Nd7 34. Ng4 h5 35. Ne3 Kh7 36. Rf3 Nb6 37. Kh2 Qh6 38. Qg3 Kg8 39. Rf6 Nd7 40. Rf4 Nf8 41. Qf3 Rc3 42. Rxf7 R8c7 43. Rf6 Rd7 44.
g3 Rcc7 45. Ng2 Rf7 46. Nf4 Rxf6 47. exf6 Rf7 48. Nxe6 Nxe6 49. Qxd5 Rxf6 50. Re1 Kf7 51. Qd7+ Kf8 52. Rxe6 Rxe6 53. Qxe6 Qd2 54. Qf6+ Ke8 55.
Qxg6+ Ke7 56. Qg5+ 1-0

[Event "Early-Titled-Tuesday-Blitz-February-13-2024"]
[Site "Chess.com"]
[Date "2024.02.13"]
[Round "7"]
[White "Polish_fighter3000"]
[Black "SantoBlue"]
[Result "1-0"]
[WhiteElo "3081"]
[BlackElo "2975"]
[TimeControl "180+1"]
[EndTime "9:21:05 PST"]
[Termination "Polish_fighter3000 won by resignation"]

1. d4 d6 2. e4 Nf6 3. Nc3 e5 4. Nf3 Nbd7 5. Be2 Be7 6. O-O O-O 7. a4 c6 8. Re1 Re8 9. a5 exd4 10. Nxd4 Bf8 11. Bf1 Nc5 12. f3 d5 13. e5 Nfd7 14. f4 f6 15. e6 Nb8 16. f5 Ne4 17. Nxe4 dxe4 18. Rxe4 c5 19. Qh5 cxd4 20. e7 Rxe7 21. Bc4+ Be6 22. Bxe6+ Rxe6 23. fxe6 Nc6 24. Rh4 h6 25.
Bxh6 Qe7 26. Qf7+ Qxf7 27. exf7+ Kxf7 28. Bd2 Bc5 29. Kf1 Ne5 30. b4 Be7 31. Rxd4 Rc8 32. c3 Nc4 33. Re1 Bd6 34. Ree4 Nxd2+ 35. Rxd2 Be5 36.
Rd7+ Ke6 37. Rxb7 Rxc3 38. Rxa7 Kf5 39. Rxe5+ fxe5 40. a6 Kf4 41. Rf7+ Ke4 42. b5 Ra3 43. g3 Kd4 44. a7 e4 45. b6 Ra1+ 46. Kg2 e3 47.
Re7 e2 48. Rxe2 Kd3 49. b7 Ra2 50. b8=Q Rxe2+ 51. Kh3 Re5 52. Qxe5 g5 53. Qxg5 1-0

[Event "Early-Titled-Tuesday-Blitz-February-13-2024"]
[Site "Chess.com"]
[Date "2024.02.13"]
[Round "7"]
[White "N_I_Chess"]
[Black "ProChessWICTH"]
[Result "0-1"]
[WhiteElo "2305"]
[BlackElo "2526"]
[TimeControl "180+1"]
[EndTime "9:21:05 PST"]
[Termination "ProChessWICTH won by checkmate"]

1. d4 Nf6 2. c4 g6 3. Nc3 d5 4.
cxd5 Nxd5 5. Bd2 Bg7 6. e4 Nxc3 7. Bxc3 c5 8. d5 Bxc3+ 9. bxc3 O-O 10. Nf3 Nd7 11. Qd2 Nf6 12. Bd3 Bg4 13. Ne5 e6 14. Nxg4 Nxg4 15. c4 exd5 16. cxd5 Re8 17. O-O Qd6 18.
g3 c4 19. Bc2 b5 20. h3 Nf6 21. Rfe1 Rad8 22. Rad1 Nd7 23. f4 f6 24. Kh2 Kg7 25. Qf2 a5 26. h4 b4 27. Re2 Qb6 28. Qg2 b3 29. axb3 cxb3 30. Bb1 a4 31. h5 a3 32.
Bd3 Nc5 33. Bc4 Qb4 34. Rd4 Qc3 35. Red2 b2 36. h6+ Kh8 37. Qh1 Rb8 38. Ba2 Nxe4 39. R2d3 Qc2+ 40. Kh3 Nf2+ 41. Kh4 Nxh1 42. Rd2 Qf5 43. d6 Qh5# 0-1

[Event "Early-Titled-Tuesday-Blitz-February-13-2024"]
[Site "Chess.com"]
[Date "2024.02.13"]
[Round "7"]
[White "Chesstiger64"]
[Black "ejam94"]
[Result "0-1"]
[WhiteElo "2315"]
[BlackElo "2515"]
[TimeControl "180+1"]
[EndTime "9:21:05 PST"]
[Termination "ejam94 won by checkmate"]

1. d4 Nf6 2. Nf3 g6 3. e3 b6 4. c4 Bb7 5. Nc3 Bg7 6. Bd3 O-O 7. O-O d6 8. e4 Nbd7 9. b4 e5 10. d5 a5 11. bxa5 Rxa5 12. a4 Nc5 13. Bc2 c6 14. dxc6 Bxc6 15. Re1 Qd7 16. Ba3 Nxa4 17.
Nxa4 Bxa4 18. Bxa4 Rxa4 19. Qxd6 Qa7 20. Bb2 Rxa1 21. Rxa1 Qb7 22. Qxe5 Nh5 23. Qb5 Bxb2 24. Qxb2 Qxe4 25. Qxb6 Qxc4 26. Qe3 Ng7 27. Rc1 Qd5 28.
Qe5 Qd7 29. h3 Re8 30. Qd4 Qb7 31. Rd1 Ne6 32. Qd7 Qxd7 33. Rxd7 Rf8 34. Ng5 Nxg5 35.
Kh2 Ne6 36. Re7 Kg7 37. g3 Kf6 38. Ra7 Rd8 39. Kg2 Rd2 40. Ra4 Rb2 41. Rc4 h5 42.
h4 Ra2 43. Rb4 Rc2 44. Ra4 Ke5 45. Rb4 Nc5 46. Rb5 f5 47. Ra5 Kf6 48. Rb5 Ne4 49.
Rb6+ Kg7 50. Kf3 Rxf2+ 51. Ke3 Rg2 52. Kf4 Rxg3 53. Ke5 Rg4 54. Rb7+ Kh6 55. Ke6 Rxh4 56. Kf7 Rg4 57. Kg8 Kg5 58. Kh7 Kf4 59. Rb4 h4 60. Kh6 h3 61. Rxe4+ fxe4 62. Kh7 h2 63. Kh8 e3 64.
Kh7 e2 65. Kh8 Rg2 66. Kh7 g5 67. Kh8 g4 68. Kh7 g3 69. Kh8 Rf2 70. Kh7 g2 71.
Kh8 Rf3 72. Kh7 Rg3 73. Kh8 h1=Q# 0-1

[Event "Early-Titled-Tuesday-Blitz-February-13-2024"]
[Site "Chess.com"]
[Date "2024.02.13"]
[Round "7"]
[White "Cambek64"]
[Black "HanSchut"]
[Result "0-1"]
[WhiteElo "2495"]
[BlackElo "2269"]
[TimeControl "180+1"]
[EndTime "9:21:05 PST"]
[Termination "HanSchut won on time"]

1. e4 c5 2. Nc3 Nc6 3. d3 g6 4. Be3 d6 5. d4 cxd4 6. Bxd4 Nxd4 7. Qxd4 Nf6 8. e5 dxe5 9. Bb5+ Bd7 10. Qxe5 Bg7 11.
O-O-O O-O 12. Bxd7 Nxd7 13. Qb5 Bxc3 14. bxc3 Qc8 15. Qxd7 Qxc3 16. Qd4 Qa5 17. Qb2 Rfc8 18. Nf3 Rc6 19. Rd3 Rac8 20. Ne1 Rb6 21. Rb3 Rcc6 22. Kb1 Qd2 23. Nd3 Re6 24. Rc1 Rbc6 25. g3 a5 26. Rxb7 f6 27. h4 a4 28. a3 Rc3 29.
Nf4 Rec6 30. Qa2+ Kg7 31. Ne6+ Kh6 32. Nf4 Qxf2 33. h5 Rb6+ 34. Ka1 Rxb7 35. hxg6 hxg6 36.
Qf7 Qxg3 37. Rh1+ Kg5 38. Qxg6+ Kxf4 39. Rf1+ Rf3 40. Qh6+ Ke4 0-1

[Event "Early-Titled-Tuesday-Blitz-February-13-2024"]
[Site "Chess.com"]
[Date "2024.02.13"]
[Round "7"]
[White "pifion"]
[Black "giomar27"]
[Result "1-0"]
[WhiteElo "2678"]
[BlackElo "2473"]
[TimeControl "180+1"]
[EndTime "9:21:06 PST"]
[Termination "pifion won on time"]

1. d4 g6 2. c4 Bg7 3. Nf3 d6 4. Nc3 e5 5. dxe5 dxe5 6. Qxd8+ Kxd8 7. Ng5 Nh6 8. Nge4 Be6 9. Bg5+ Ke8 10. Nf6+ Kf8 11. e3 Nf5 12. O-O-O Na6 13. Nd7+ Kg8 14. Bf6 Bxf6 15. Nxf6+ Kg7 16. Nfe4 Rad8 17. Be2 h6 18. a3 Ne7 19. b4 f5 20. Nd2 c6 21. Kb2 Nc7 22. Nb3 b6 23. h4 Kf6 24. f4 e4 25. Nd4 Bf7 26. g4 Ne6 27. g5+ Kg7 28.
Nb3 hxg5 29. Rxd8 Rxd8 30. hxg5 Nc8 31. Kc2 Nd6 32. Rd1 Nb7 33. Rxd8 Nexd8 34. Nb1 Kf8 35. Kc3 Ke8 36. N1d2 Ke7 37. c5 Ne6 38. cxb6 axb6 39. Nc4 b5 40. Ne5 Nbd8 41. Na5 Kd6 42. Naxc6 Nxc6 43. Nxf7+ Ke7 44. Bxb5 Na7 45. Bc4 Kxf7 46.
b5 Ke7 47. Kb4 Kd6 48. a4 Nc8 49. a5 Nc5 50. b6 Ne7 51. a6 Nc6+ 52. Kb5 Nd3 53.
a7 1-0

[Event "Early-Titled-Tuesday-Blitz-February-13-2024"]
[Site "Chess.com"]
[Date "2024.02.13"]
[Round "7"]
[White "SharapovEvgeny"]
[Black "saraswathii"]
[Result "1-0"]
[WhiteElo "2543"]
[BlackElo "2387"]
[TimeControl "180+1"]
[EndTime "9:21:06 PST"]
[Termination "SharapovEvgeny won on time"]

1. e4 c5 2. Nf3 e6 3. c4 Nc6 4. Nc3 Nf6 5. Be2 d5 6. exd5 exd5 7. d4 Bg4 8. O-O Be7 9. h3 Bxf3 10.
Bxf3 Nxd4 11. Bxd5 Qd7 12. Be3 Nf5 13. Qf3 O-O 14.
Bxb7 Rab8 15. Bc6 Qe6 16. Bd5 Qd7 17. b3 Bd6 18. Rad1 Nh4 19. Qe2 Qf5 20. Bxf7+ Rxf7 21. Rxd6 Qg6 22. g3 Nf5 23. Rd3 Re8 24. Kh2 Nd4 25. Qd1 Nf3+ 26. Kg2 Nh4+ 27. Kh1 Nf5 28. Bf4 Nh5 29.
Qg4 Nxf4 30. gxf4 Qc6+ 31. Nd5 Nd4 32. Rg1 a5 33. h4 a4 34. Kh2 Qh6 35. Qg5 Qd6 36.
Rdg3 Ne2 37. h5 Nxg3 38. Rxg3 h6 39. Qg6 1-0

[Event "Early-Titled-Tuesday-Blitz-February-13-2024"]
[Site "Chess.com"]
[Date "2024.02.13"]
[Round "7"]
[White "nicolasbatista3"]
[Black "JoliyRoger"]
[Result "0-1"]
[WhiteElo "2341"]
[BlackElo "2530"]
[TimeControl "180+1"]
[EndTime "9:21:06 PST"]
[Termination "JoliyRoger won by resignation"]

1. d4 Nf6 2. c4 e6 3. Nc3 Bb4 4. f3 c5 5. d5 d6 6. e4 Bxc3+ 7.
bxc3 e5 8. Ne2 Nbd7 9. Ng3 Nf8 10. Bd3 Ng6 11. O-O Nf4 12. Bxf4 exf4 13. Ne2 g5 14. g3 Nh5 15. gxf4 gxf4 16. Kh1 Qf6 17.
e5 dxe5 18. Be4 Bf5 19. Bxf5 Qxf5 20. Rb1 b6 21. a4 O-O 22. Qe1 Kh8 23. Qh4 Rg8 24. Rg1 Nf6 25. Qh6 Rg6 26. Rxg6 Qxg6 27. Qxg6 hxg6 28. a5 Nd7 29. axb6 axb6 30. Kg2 Kg7 31. Kf2 Kf6 32. Ke1 Ke7 33. Kd2 Ra2+ 34. Kd3 e4+ 35. Kxe4 Rxe2+ 36. Kxf4 Rxh2 37. Re1+ Kd8 38. d6 Rd2 39. Re7 f6 40. Rg7 g5+ 41. Kf5 Rxd6 42. f4 gxf4 43. Kxf4 Kc7 44. Kf5 Kc6 45. Rg1 Rd3 46. Re1 Rxc3 47. Re6+ Kc7 48. Re7 Rf3+ 49.
Ke6 Re3+ 50. Kf7 Rxe7+ 51. Kxe7 f5 0-1

[Event "Early-Titled-Tuesday-Blitz-February-13-2024"]
[Site "Chess.com"]
[Date "2024.02.13"]
[Round "7"]
[White "Fjal"]
[Black "malakismayil"]
[Result "0-1"]
[WhiteElo "2251"]
[BlackElo "2522"]
[TimeControl "180+1"]
[EndTime "9:21:06 PST"]
[Termination "malakismayil won by checkmate"]

1. Nf3 d5 2. g3 e6 3. Bg2 Nf6 4.
O-O Be7 5. d3 O-O 6. Nbd2 c5 7.
e4 Nc6 8. e5 Nd7 9. Re1 Qc7 10.
Qe2 b5 11. Nf1 Ba6 12. Bf4 b4 13. h4 c4 14. d4 Rfe8 15. N1h2 Qb7 16. Qe3 c3 17. b3 Bb5 18. h5 a5 19. Ng4 a4 20.
Bh6 Bf8 21. Bxg7 Bxg7 22. Qg5 Kh8 23. h6 Bf8 24. Nf6 Nxf6 25. Qxf6+ Kg8 26. Qg5+ Kh8 27. Qf6+ Kg8 28. Ng5 Nxd4 29. Re4 Ne2+ 30. Kh2 Qe7 31. Qf3 dxe4 32. Nxe4 Bxh6 33. Nf6+ Kh8 34. Qh5 Qf8 35. bxa4 Bc4 36. Bxa8 Rxa8 37. Rh1 Qg7 38. Kg2 Qg6 39.
Qh4 Nf4+ 40. Kf3 Bd5+ 41. Nxd5 exd5 42. gxf4 Qe4+ 43. Kg3 Rg8+ 44. Kh2 Qg2# 0-1

[Event "Early-Titled-Tuesday-Blitz-February-13-2024"]
[Site "Chess.com"]
[Date "2024.02.13"]
[Round "7"]
[White "GlavkonVVS"]
[Black "ClaudiaSof"]
[Result "0-1"]
[WhiteElo "2568"]
[BlackElo "2324"]
[TimeControl "180+1"]
[EndTime "9:21:06 PST"]
[Termination "ClaudiaSof won by resignation"]

1. Nf3 Nf6 2. g3 g6 3. Bg2 Bg7 4. O-O O-O 5. d3 d6 6. c4 e5 7. Nc3 Nc6 8. Rb1 a5 9. a3 h6 10. b4 axb4 11. axb4 Ne7 12. b5 Be6 13. b6 c6 14. c5 Nfd5 15. Ne4 Nc8 16. Bb2 f5 17. Nxd6 Nxd6 18. cxd6 Qxd6 19. e4 Ne7 20. d4 fxe4 21.
Nxe5 Bd5 22. Qe2 Ra2 23. Bxe4 Nf5 24. Rfd1 Re8 25. Bxd5+ Qxd5 26. Qg4 Ne7 27. Nxg6 Nxg6 28. Qxg6 Re2 29. Re1 Raxb2 30. Ra1 Ra2 31. Rad1 Qf7 32. Qxf7+ Kxf7 33. Rxe2 Rxe2 34. d5 c5 35. d6 Bd4 36. d7 Ke7 37. Kh1 Rxf2 38. Re1+ Kxd7 39. h3 Rf6 40. h4 Kc6 41. Kg2 Kxb6 42. g4 Kc6 43.
Re8 b5 44. Kh3 b4 45. g5 hxg5 46. hxg5 Rf1 47. Kg4 Kd5 48. Rd8+ Kc4 49. g6 Rg1+ 50.
Kf5 b3 51. Rb8 b2 52. Rb7 b1=Q+ 53. Rxb1 0-1

[Event "Early-Titled-Tuesday-Blitz-February-13-2024"]
[Site "Chess.com"]
[Date "2024.02.13"]
[Round "7"]
[White "HATilay"]
[Black "blitzking1729"]
[Result "1/2-1/2"]
[WhiteElo "2532"]
[BlackElo "2716"]
[TimeControl "180+1"]
[EndTime "9:21:07 PST"]
[Termination "Game drawn by repetition"]

1. e4 c5 2. Nf3 e6 3. d4 cxd4 4. Nxd4 Nf6 5. Bd3 Nc6 6. Nxc6 dxc6 7. f4 e5 8. f5 Bc5 9. Nd2 O-O 10. Qe2 a5 11. Nc4 b5 12. Ne3 a4 13. a3 b4 14.
axb4 Bxb4+ 15. c3 Bc5 16. O-O Qb6 17. Kh1 Ba6 18. Nc4 Qc7 19. Rxa4 Bb5 20. Rxa8 Rxa8 21.
b4 Bf8 22. Nd2 Qd7 23. Bxb5 cxb5 24. Nb3 Qc6 25. Na5 Qxc3 26. Bd2 Qd4 27. Re1 Rd8 28. Nc6 Qxd2 29. Nxd8 Qxd8 30. Qxb5 Qd2 31. Qe2 Qxb4 32. g3 h5 33. Rd1 Qxe4+ 34. Qxe4 Nxe4 35.
Re1 Nf2+ 36. Kg2 Bc5 37. Rxe5 Bd4 38. Rd5 Bb6 39. Rb5 Bd4 40. Rd5 Be3 41. Kf3 Bb6 42.
Rb5 Bd4 43. Rd5 Bb6 44. Rb5 Bd4 45. Rd5 Bb6 1/2-1/2

[Event "Early-Titled-Tuesday-Blitz-February-13-2024"]
[Site "Chess.com"]
[Date "2024.02.13"]
[Round "7"]
[White "GMRAVEN_ON_YOUTUBE"]
[Black "Statham_01"]
[Result "1/2-1/2"]
[WhiteElo "2796"]
[BlackElo "2589"]
[TimeControl "180+1"]
[EndTime "9:21:07 PST"]
[Termination "Game drawn by agreement"]

1. f4 Nh6 2. Nf3 d5 3. d3 Bg4 4. e4 dxe4 5. dxe4 Qxd1+ 6. Kxd1 Nc6 7. c3 e5 8. h3 Bxf3+ 9. gxf3 O-O-O+ 10. Kc2 f6 11.
Bc4 exf4 12. Bxf4 Ne5 13. Be6+ Kb8 14. Nd2 Bd6 15. Bxh6 gxh6 16. Rhg1 Rhe8 17. Bf5 Bc5 18.
Rg7 Be3 19. Rd1 Bxd2 20. Rxd2 Rxd2+ 21. Kxd2 Nxf3+ 22. Ke3 Ng5 23. Kf4 Rxe4+ 24. Bxe4 Ne6+ 25. Kf5 Nxg7+ 26. Kxf6 Nh5+ 27. Kf7 Nf4 28. Bf5 c5 29. Kg7 h5 30. Kh6 Kc7 31. Kg5 Ng2 32. Bxh7 Kd6 33. Be4 Ne3 34. Bxb7 Nd1 35. Kxh5 Nxb2 36. Ba6 Nd1 37.
Kg5 Nxc3 38. h4 Ke7 39. Kg6 Kf8 40. Bc4 Ne4 41. h5 Nd6 42. Bd5 Nc8 43. Kf6 Ne7 44. Bc4 Ng8+ 45. Ke6 Kg7 46. Kd6 Nf6 47. Kxc5 Ne4+ 48.
Kb5 Nc3+ 49. Ka6 Nxa2 50. Bxa2 Kh6 51. Bf7 Kg7 52. Kxa7 Kh8 1/2-1/2